Map: Proxima Station LE

Players

LiquidMaNa (MaNa)

  • Race: Protoss Protoss
  • League: Master
  • Spawn Location: 7:00

Bly - Winner!

  • Race: Zerg Zerg
  • League: Master
  • Spawn Location: 1:00

Event: HomeStory Cup XV

VOD

Have the link to the VOD?

Description

Time

  • Played on: July 22, 2017, 8:51 a.m.
  • Length: 14:57

All games in this series

Show
View Real Time Build Order
Export as new Build Order

LiquidMaNa Protoss 

Build Orders: 1 Gate Expand, Oracle Opening 

Get SALT Encoding   

  12  0:00  Probe (Chrono Boost)  
  13  0:11  Probe (Chrono Boost)  
  14  0:19  Pylon  
  14  0:22  Probe (Chrono Boost)  
  15  0:37  Probe (Chrono Boost)  
  15  0:39  Gateway  
  16  0:48  Probe (Chrono Boost)  
  17  0:51  Assimilator  
  17  0:58  Probe (Chrono Boost)  
  18  1:09  Probe (Chrono Boost)  
  19  1:19  Probe (Chrono Boost)  
  20  1:27  Nexus  
  20  1:36  Probe (Chrono Boost), Cybernetics Core  
  21  1:42  Assimilator  
  22  1:47  Probe (Chrono Boost)  
  22  1:52  Pylon  
  22  1:57  Probe (Chrono Boost)  
  23  2:10  Probe (Chrono Boost)  
  23  2:13  Stalker, Warp Gate  
  26  2:21  Probe (Chrono Boost)  
  27  2:31  Probe (Chrono Boost)  
  27  2:33  Stargate  
  28  2:39  Probe (Chrono Boost)  
  28  2:42  Probe (Chrono Boost)  
  28  2:43  Adept  
  32  2:50  Probe (Chrono Boost)  
  33  2:52  Probe (Chrono Boost)  
  34  3:00  Probe (Chrono Boost)  
  34  3:03  Probe (Chrono Boost)  
  36  3:10  Probe (Chrono Boost)  
  37  3:13  Probe (Chrono Boost)  
  37  3:17  Oracle (Chrono Boost)  
  41  3:20  Probe  
  41  3:25  Mothership Core  
  41  3:27  Pylon  
  44  3:30  Probe  
  44  3:37  Nexus  
  44  3:42  Probe, Pylon  
  44  3:46  Probe  
  46  3:50  Oracle (Chrono Boost)  
  46  3:52  Probe  
  50  3:58  Probe, Pylon  
  51  4:03  Probe, Pylon  
  52  4:10  Probe  
  52  4:18  Adept  
  52  4:24  Oracle  
  52  4:31  Gateway x2  
  46  4:40  Zealot, Probe  
  46  4:42  Probe  
  33  5:02  Probe x2  
  33  5:03  Probe  
  33  5:04  Zealot  
  33  5:06  Phoenix  
  40  5:13  Probe x2  
  40  5:15  Probe  
  43  5:23  Probe x2  
  43  5:28  Probe  
  46  5:34  Probe x2  
  48  5:40  Probe  
  49  5:44  Probe x2  
  50  5:50  Adept  
  50  5:52  Probe  
  50  5:55  Probe  
  54  5:57  Probe  
  54  6:04  Twilight Council  
  55  6:06  Probe (Chrono Boost)  
  55  6:07  Probe (Chrono Boost)  
  55  6:08  Probe (Chrono Boost)  
  58  6:14  Pylon  
  58  6:18  Probe (Chrono Boost)  
  59  6:20  Probe x2 (Chrono Boost)  
  59  6:29  Probe (Chrono Boost)  
  59  6:30  Probe (Chrono Boost)  
  59  6:31  Probe (Chrono Boost)  
  57  6:39  Probe (Chrono Boost)  
  56  6:41  Probe x2 (Chrono Boost)  
  56  6:43  Robotics Facility  
  56  6:44  Resonating Glaives (Chrono Boost)  
  58  6:49  Probe (Chrono Boost)  
  59  6:55  Adept  
  59  6:57  Probe  
  59  6:58  Probe x2  
  64  7:05  Gateway  
  64  7:08  Gateway  
  64  7:15  Gateway  
  64  7:16  Gateway  
  64  7:19  Probe  
  64  7:20  Probe x2, Gateway  
  67  7:25  Adept  
  67  7:26  Sentry  
  67  7:29  Probe  
  71  7:32  Warp Prism  
  71  7:34  Probe  
  71  7:35  Probe  
  76  7:42  Probe  
  77  7:45  Probe  
  77  7:51  Pylon  
  77  7:53  Pylon  
  77  7:55  Pylon  
  77  7:57  Gateway  
  77  7:58  Gateway  
  77  8:14  Pylon  
  77  8:16  Adept x7  
  91  8:25  Pylon  
  91  8:27  Pylon  
  91  8:39  Adept x3  
  91  8:40  Adept x3  
  103  8:41  Adept  
  103  8:48  Pylon  
  105  8:58  Adept x3  
  105  8:59  Pylon  
  111  9:03  Adept x4  
  111  9:15  Adept x3  
  109  9:21  Adept x3  
  107  9:29  Charge (Chrono Boost)  
  93  9:39  Zealot x5, Probe  
  93  9:40  Probe  
  93  9:42  Immortal (Chrono Boost)  
  105  9:58  Assimilator x2  
  103  10:01  Robotics Facility  
  103  10:04  Sentry  
  103  10:05  Assimilator  
  105  10:08  Assimilator  
  105  10:11  Pylon  
  105  10:12  Pylon  
  109  10:22  Immortal (Chrono Boost)  
  109  10:29  Zealot x4  
  109  10:30  Zealot x4, Probe  
  109  10:32  Probe  
  127  10:41  Templar Archives  
  127  10:54  Nexus  
  127  10:58  Observer (Chrono Boost)  
  132  11:05  Immortal (Chrono Boost)  
  132  11:12  Psionic Storm  
  132  11:20  Pylon  
  132  11:21  Pylon  
  132  11:22  Pylon  
  132  11:23  Pylon  
  132  11:25  High Templar x2  
  136  11:30  Zealot x3  
  142  11:38  Immortal (Chrono Boost)  
  144  11:44  Pylon  
  142  11:47  Forge  
  142  12:00  Zealot x2  
  142  12:01  Zealot x4  
  128  12:17  Immortal x2  
  118  12:29  Zealot x3  
  114  12:36  Archon  
  101  12:39  Zealot x4  
  101  12:43  High Templar x2  
  113  12:51  Pylon  
  111  12:54  High Templar x2  
  111  12:58  Immortal  
  111  13:03  High Templar  
  111  13:04  Archon, High Templar  
  115  13:08  Archon  
  115  13:15  Zealot x2  
  109  13:29  Immortal, High Templar x4  
  109  13:33  Archon x2  
  106  13:58  Zealot x6  
  98  14:04  Zealot  
  54  14:19  High Templar  
  54  14:20  High Templar x3  
  60  14:24  Zealot x3, Archon x2  
  60  14:30  Zealot  
  66  14:33  High Templar x2  
  66  14:37  Archon  
  64  14:49  Zealot x2  
  64  14:50  Zealot  
Show
View Real Time Build Order
Export as new Build Order

Bly Zerg - Winner!

Build Orders: Hatch First 

Get SALT Encoding   

  12  0:01  Drone  
  13  0:13  Overlord  
  13  0:18  Drone  
  14  0:32  Drone x2  
  16  0:36  Drone  
  17  0:54  Hatchery  
  16  1:01  Drone x2  
  18  1:11  Extractor  
  18  1:16  Spawning Pool  
  18  1:18  Drone  
  17  1:21  Drone  
  18  1:30  Drone  
  19  1:40  Overlord  
  19  1:51  Drone  
  20  2:02  Queen, Drone  
  20  2:06  Queen  
  20  2:08  Zergling x2  
  26  2:11  Metabolic Boost  
  26  2:13  Drone  
  27  2:18  Drone  
  28  2:23  Drone  
  28  2:29  Drone  
  30  2:38  Hatchery  
  29  2:44  Drone x2  
  29  2:47  Overlord  
  31  2:53  Evolution Chamber  
  31  2:54  Drone  
  31  3:05  Zergling x2  
  31  3:06  Zergling x4  
  33  3:14  Zergling x8  
  33  3:19  Zergling x6  
  40  3:28  Overlord  
  40  3:29  Zergling x2  
  42  3:41  Zergling x4  
  42  3:45  Zergling x2  
  42  3:46  Overlord  
  44  3:50  Zergling x8  
  44  3:51  Zergling x4  
  50  3:56  Zergling x2  
  51  4:04  Zergling x6  
  53  4:20  Zergling x8  
  53  4:21  Zergling x10  
  51  4:38  Drone x3  
  49  4:44  Drone x3  
  48  4:48  Drone  
  48  4:51  Drone x2  
  45  4:54  Drone  
  40  5:08  Drone  
  40  5:09  Drone x3  
  40  5:12  Drone  
  44  5:16  Drone x2  
  44  5:18  Drone  
  44  5:21  Spore Crawler  
  45  5:29  Zergling x8  
  45  5:32  Drone  
  50  5:43  Drone x2  
  50  5:44  Drone x2  
  50  5:49  Drone x6  
  56  5:55  Drone x2  
  57  6:03  Overlord  
  57  6:07  Drone  
  57  6:09  Spore Crawler, Queen  
  57  6:10  Spore Crawler  
  58  6:11  Zerg Melee Weapons Level 1, Overlord  
  58  6:15  Overlord  
  57  6:20  Lair  
  54  6:28  Drone x4  
  57  6:38  Drone x4  
  60  6:44  Queen  
  63  6:50  Extractor  
  63  6:51  Zergling x6  
  63  6:52  Zergling x8  
  69  6:58  Queen  
  69  6:59  Extractor  
  68  7:12  Drone  
  68  7:13  Drone x5  
  68  7:14  Overlord  
  74  7:23  Hatchery  
  74  7:24  Hydralisk Den  
  74  7:25  Extractor  
  72  7:30  Drone x3  
  72  7:31  Overlord  
  73  7:39  Queen x3  
  76  7:53  Muscular Augments  
  76  7:56  Drone x4  
  76  7:57  Extractor x2, Drone x3  
  81  8:14  Hydralisk x4  
  81  8:15  Overlord  
  81  8:16  Overlord x5  
  89  8:24  Spore Crawler x2  
  89  8:25  Spore Crawler  
  86  8:36  Hydralisk  
  86  8:37  Hydralisk x8  
  104  8:42  Overlord  
  104  8:45  Hydralisk x3  
  108  8:51  Zergling x10  
  108  8:52  Evolution Chamber x2  
  108  8:53  Evolution Chamber  
  109  8:57  Hydralisk x2  
  114  9:04  Zergling x8  
  114  9:07  Zergling x2  
  114  9:08  Zergling x6  
  111  9:12  Zergling x8  
  106  9:17  Evolution Chamber  
  106  9:23  Hydralisk  
  91  9:32  Zergling x2  
  90  9:44  Hydralisk  
  87  10:02  Drone x7  
  94  10:07  Spire  
  94  10:09  Drone  
  93  10:19  Drone x5  
  93  10:20  Overlord  
  97  10:28  Baneling Nest  
  97  10:30  Zerg Melee Weapons Level 2  
  95  10:36  Drone x3  
  95  10:37  Drone x3  
  95  10:39  Drone x2  
  95  10:40  Drone x4  
  95  10:42  Overlord  
  106  10:46  Overseer  
  106  10:47  Hydralisk  
  108  10:50  Zerg Missile Weapons Level 1  
  108  11:06  Hydralisk x2  
  108  11:07  Hydralisk x3  
  117  11:22  Hatchery, Zergling x22  
  127  11:38  Hatchery  
  124  11:43  Zergling x16  
  124  11:46  Zerg Flyer Weapons Level 1  
  132  11:54  Baneling x9, Centrifical Hooks  
  129  12:05  Hydralisk x5  
  116  12:24  Hydralisk x8  
  124  12:30  Zergling x16  
  118  12:38  Hydralisk  
  118  12:39  Hydralisk x4  
  127  12:58  Zergling x14  
  126  13:03  Baneling x7  
  126  13:04  Baneling x4  
  132  13:06  Zergling x2  
  132  13:07  Zergling x12  
  132  13:30  Zergling x26  
  145  13:46  Drone  
  145  13:47  Drone x5  
  150  13:52  Hatchery  
  139  14:00  Hydralisk  
  139  14:01  Hydralisk x6  
  129  14:11  Hydralisk x4  
  135  14:19  Baneling x2  
  135  14:20  Baneling x5  
  135  14:25  Zergling x2  
  135  14:26  Zergling x8  
Tags
 
Add a new tag
Caveats
  • Supply blocks, unpowered buildings, or Contaminate may cause inaccurate times.
  • Supply counts are checked every 10 seconds.